 Dungeon Crawl Stone Soup version 0.30.0-5-g1a98f26d00 (webtiles) character file.

Game seed: 11584761534310631629

406 Sobieck the Cutter (level 6, 0/32 HPs)
             Began as a Vine Stalker Gladiator on May 11, 2023.
             Succumbed to a gnoll's poison
             ... on level 3 of the Dungeon.
             The game lasted 00:08:18 (2788 turns).

Sobieck the Cutter (Vine Stalker Gladiator)         Turns: 2788, Time: 00:08:18

Health: 0/32       AC:  4    Str: 16    XL:     6   Next: 87%
Magic:  8/22       EV: 12    Int: 14    God:
Gold:   217        SH:  0    Dex: 18    Spells: 5/5 levels left

rFire   . . .        o - +3 short sword {short}
rCold   . . .        (no shield)
rNeg    . . .        b - +0 leather armour
rPois   .            c - +0 helmet
rElec   .            (no cloak)
rCorr   .            (no gloves)
SInv    .            (no boots)
Will    .....        A
                       - Hermit's Pendant {Faith Invo=14 Evo=0 MP+5}
Stlth   +++          s - +4 ring of slaying
HPRegen 1.05/turn    C - +6 ring of intelligence
MPRegen 0.18/turn

%: guardian spirit, faith
@: mighty, brilliant, lethally poisoned (0 -> -2)
A: fangs 2, regeneration 1, magic shield, antimagic bite, no potion heal 2
a: no special abilities


You were on level 3 of the Dungeon.
You visited 2 branches of the dungeon, and saw 7 of its levels.

You collected 217 gold pieces.


Innate Abilities, Weirdness & Mutations

You have extremely sharp teeth.
Your natural rate of healing is unusually fast.
When hurt, damage is shared between your health and your magic reserves.
Your bite disrupts and absorbs the magic of your enemies.
Potions cannot restore your health.


   Skills:
 + Level 3.5 Fighting
 * Level 5.1 Short Blades
 - Level 1.7 Throwing
 - Level 2.4 Dodging
 + Level 4.2 Stealth


You had 5 spell levels left.
You didn't know any spells.
Your spell library contained the following spells:

 Spells                   Type           Power      Damage    Failure   Level
 Sandblast                Erth           0%         2d4       34%         1
 Passwall                 Tmut/Erth      0%         N/A       47%         2
 Stone Arrow              Conj/Erth      0%         3d7       71%         3

Inventory:

Hand Weapons
 a - a +0 rapier {short}
 o - a +3 short sword (weapon) {short}
   (You found it on level 2 of the Dungeon)
 p - a +0 shortbow of flaming {bow}
   (You found it on level 2 of the Dungeon)
 w - a +1 heavy hand axe {axe}
   (You found it on level 2 of the Dungeon)
 B - a +1 dagger of flaming {short}
   (You found it on level 5 of the Dungeon)
 D - a +0 rapier {short}
   (You found it on level 5 of the Dungeon)
Missiles
 d - 3 throwing nets {=f!fthrowing}
 e - a javelin {throwing}
 j - 15 stones (quivered) {throwing}
Armour
 b - a +0 leather armour (worn)
 c - a +0 helmet (worn)
 f - a +0 ring mail
   (You found it on level 1 of the Dungeon)
 t - a +0 robe
   (You found it on level 2 of the Dungeon)
 F - a +0 leather armour
   (You found it on level 4 of the Dungeon)
 G - a +0 robe
   (You found it on level 3 of the Dungeon)
 H - a +0 ring mail
   (You took it off an orc on level 3 of the Dungeon)
Magical Staves
 v - a staff of air {!astaff}
   (You found it on level 2 of the Dungeon)
 x - a staff of death {!astaff}
   (You found it on level 2 of the Dungeon)
 z - a staff of conjuration {!a@e2staff}
   (You found it on level 2 of the Dungeon)
Jewellery
 s - a +4 ring of slaying (left hand)
   (You found it on level 2 of the Dungeon)
 A - the Hermit's Pendant (around neck) {Faith Invo=14 Evo=0 MP+5}
   (You found it on level 5 of the Dungeon)

   [amulet of faith]

   Invo=14: It sets your Invocations skill to 14.
   Evo=0: It sets your Evocations skill to 0.
   It allows you to gain divine favour quickly.
   MP:        It affects your magic capacity (+5).
 C - a +6 ring of intelligence (right hand)
   (You found it on level 5 of the Dungeon)
Scrolls
 l - a scroll of vulnerability {unknown}
 m - 4 scrolls of magic mapping {!r}
 q - 2 scrolls of identify {unknown}
 y - 3 scrolls of teleportation {unknown}
 E - a scroll of blinking {unknown}
Potions
 g - a potion of might
 h - a potion of flight {unknown}
 i - 2 potions of ambrosia {unknown}
 k - 2 potions of mutation {unknown}
 n - 4 potions of brilliance
 r - 3 potions of curing {unknown}
 u - 2 potions of attraction {unknown}

Dungeon Overview and Level Annotations

Branches:
Dungeon (6/15) Zot: 26242  Temple (1/1) D:4 Zot: 5763

Altars:
Ashenzari
Elyvilon
Fedhas
Gozag
Hepliaklqana
Nemelex Xobeh
Okawaru
Qazlal
Ru
Sif Muna
Trog
Vehumet
Yredelemnul
Zin
The Shining One

Annotations:
D:3 Robin, Sigmund

....###.)...#..............####..
....##..###...#####...........#..
....#..##.##..## #...........#..
......##.^.##..####...........#..
.....##.._.^##....#...........#..
....##..^....##...#........#####.
...##........^##..'.........>....
...#^..#####...#..####....##.#.#≈
...##.'#.#.#'^##@)# ####.##.#.#≈
....###..#..###)g.# #÷##....≈
...g....###.......# ###.###.#.≈
........).g.##....# ###...###.##≈
.........############......##.##≈
..######## #####........##..#≈
..## ###.'...........##.#≈ ...#
###...##..........##.## ...#
###......#.....#.....#..#


You could see a gnoll (swift).


Message History

You kill the gnoll!
Your Short Blades skill increases to level 5!
No target in view!
You see here a +0 flail {mace}.
You open the door.
Found a sparkling altar of Nemelex Xobeh.
There is an open door here.
Unknown command.
You open the door.
There is an open door here. 2 gnolls come into view.
Danger!
Unknown command.
The gnoll completely misses you.
You closely miss the gnoll. The gnoll hits you with a +0 whip.
You closely miss the gnoll. The gnoll closely misses you.
You puncture the gnoll! The gnoll hits you but does no damage.
You puncture the gnoll!
You kill the gnoll!
No target in view!
Unknown command.
A gnoll comes into view. It is wielding a +0 whip.
The gnoll moves out of view.
Unknown command.
A gnoll bouda comes into view. It is wielding a +0 club.
Danger!
Unknown command.
Danger!
A gnoll comes into view. It is wielding a +2 spear of venom.
The gnoll hits you with a +0 whip!
The gnoll shouts! x2
You hit the gnoll but do no damage. The gnoll misses you.
The gnoll bouda barks out a call to the hunt!
The gnolls pick up the pace!
The gnoll attacks as you move away! The gnoll hits you but does no damage.
The gnoll hits you with a +0 whip!
You see here a +0 whip {mace}.
The gnoll attacks as you move away! The gnoll misses you. x2
The gnoll attacks as you move away! The gnoll hits you with a +0 whip.
Unknown command.
You closely miss the gnoll. Your bite misses the gnoll.
The gnoll hits you with a +0 whip.
The gnoll hits you from afar with a +2 spear of venom.
You are poisoned.
The gnoll attacks as you move away! The gnoll misses you.
You feel very sick.
Unknown command.
You hit the gnoll. You bite the gnoll. You drain its power.
You feel invigorated.
You feel sick. The gnoll closely misses you.
The gnoll hits you from afar with a +2 spear of venom.
Unknown command.
You feel sick.
You feel sick.
You feel sick.
The gnoll hits you from afar with a +2 spear of venom.
* * * LOW HITPOINT WARNING * * *
Unknown command.
As you read the scroll labelled QOIDAXZULU, it crumbles to dust.
You feel aware of your surroundings.
It was a scroll of magic mapping.
You feel sick.
The gnoll is no longer moving quickly.
The gnoll misses you. The gnoll closely misses you.
Unknown command.
You feel very mighty all of a sudden.
You feel sick. The gnoll barely misses you. x2
The gnoll bouda barks out a call to the hunt!
The gnoll picks up the pace!
The gnoll hits you from afar with a +2 spear of venom!
* * * LOW HITPOINT WARNING * * *
You are more poisoned.
You puncture the gnoll!
You kill the gnoll!
You feel sick. The gnoll barely misses you.
Unknown command.
You feel very sick. The gnoll hits you but does no damage.
You are more poisoned.
The gnoll hits you with a +0 spear!
* * * LOW HITPOINT WARNING * * *
You puncture the gnoll! You bite the gnoll.
You kill the gnoll!
* * * LOW HITPOINT WARNING * * *
You feel very sick.
Unknown command.
You puncture the gnoll bouda! Your bite misses the gnoll bouda.
* * * LOW HITPOINT WARNING * * *
You feel sick. The gnoll barely misses you. The gnoll bouda barely misses you.
Unknown command.
You hit the gnoll bouda. You bite the gnoll bouda.
You kill the gnoll bouda!
* * * LOW HITPOINT WARNING * * *
You feel sick. The gnoll closely misses you.
Unknown command.
You puncture the gnoll!
* * * LOW HITPOINT WARNING * * *
You feel sick. The gnoll misses you.
Unknown command.
It was a potion of brilliance.
You feel clever all of a sudden.
You die...

Skill      XL: |  1  2  3  4  5  6 |
---------------+-------------------+-----
Fighting       | 2 3 |  3.5
Short Blades   | 3 4 5 |  5.1
Stealth        | 1 2 3 4 |  4.2
Throwing       | |  1.7
Dodging        | |  2.4

Action                     |  1- 3 |  4- 6 || total
---------------------------+-------+-------++-------
  Melee: Rapier            |    58 |       ||    58
         Bite              |    13 |    18 ||    31
         Punch             |     1 |     1 ||     2
         Short sword       |    21 |    89 ||   110
  Throw: Stone             |       |     1 ||     1
    Use: Potion            |     1 |     2 ||     3
         Scroll            |       |     1 ||     1
   Stab: Sleeping          |     5 |     6 ||    11
 Armour: Leather armour    |    27 |    15 ||    42
  Dodge: Dodged            |    42 |    59 ||   101

Levels and vault maps discovered:
D:1:      dpeg_arrival_tiny_k, layout_rooms, minmay_tree_intersection
D:2:      layout_basic, st_stairs_9
D:3:      minmay_skewed_foursquare, layout_basic, general_overflow_altar,
          nemelex_spade_bored_becter, nicolae_overflow_squiral,
          chequers_ecumenical_altar_twisty, uniq_sigmund, uniq_robin
D:4:      layout_rooms, lemuel_round_altar, nicolae_uskayaw_en_pointe,
          minmay_temple_entry_glass, minmay_goblin_outpost
D:5:      layout_cave_pods, mainiacjoe_overflow_catwalk, uniq_blork_the_orc
D:6:      layout_layer_cave, mainiacjoe_overflow_alcove_1,
          nicolae_wu_jian_wuxing_cycle, uniq_edmund, uniq_crazy_yiuf_cottage
Temple:   dpeg_chambers_temple

Notes
Turn   | Place    | Note
-------+----------+-------------------------------------------
     0 | D:1      | Sobieck the Vine Stalker Gladiator began the quest for the
                  | Orb.
     0 | D:1      | Reached XP level 1. HP: 11/11 MP: 2/2
   111 | D:1      | Reached XP level 2. HP: 15/15 MP: 3/3
   154 | D:1      | Reached skill level 2 in Fighting
   154 | D:1      | Reached skill level 3 in Short Blades
   154 | D:1      | Reached skill level 1 in Stealth
   286 | D:1      | Reached XP level 3. HP: 7/18 MP: 1/4
  1008 | D:2      | You pick up a book of Geomancy and begin reading...
  1008 | D:2      | You add the spells Sandblast, Passwall and Stone Arrow to
                  | your library.
  1361 | D:3      | Noticed Sigmund
  1438 | D:3      | Reached skill level 2 in Stealth
  1492 | D:3      | Gained mutation: Your natural rate of healing is unusually
                  | fast. [Vine Stalker growth]
  1492 | D:3      | Reached XP level 4. HP: 23/23 MP: 5/5
  1508 | D:3      | You fall into a shaft and drop 2 floors!
  1508 | D:5      | Entered Level 5 of the Dungeon
  1543 | D:5      | Found the Hermit's Pendant {Faith Invo=14 Evo=0 MP+5}
  1798 | D:4      | Found a glowing golden altar of the Shining One.
  1804 | D:4      | Noticed a scorpion
  1822 | D:4      | Killed a scorpion
  1823 | D:4      | Reached skill level 4 in Short Blades
  1823 | D:4      | Reached skill level 3 in Stealth
  1823 | D:4      | Reached XP level 5. HP: 28/28 MP: 15/15
  1912 | D:4      | Found a staircase to the Ecumenical Temple.
  1922 | Temple   | Entered the Ecumenical Temple
  2199 | D:4      | Reached skill level 3 in Fighting
  2199 | D:4      | Reached XP level 6. HP: 32/32 MP: 17/17
  2351 | D:3      | Found a radiant altar of Vehumet.
  2385 | D:3      | Found a faded altar of an unknown god.
  2430 | D:3      | Noticed Robin
  2600 | D:3      | Found an opulent altar of Gozag.
  2603 | D:3      | Found a bloodstained altar of Trog.
  2653 | D:3      | Reached skill level 4 in Stealth
  2684 | D:3      | Reached skill level 5 in Short Blades
  2717 | D:3      | Found a sparkling altar of Nemelex Xobeh.
  2783 | D:3      | HP: 5/32 [gnoll/+0 spear[a gnoll bouda] (4)]
  2785 | D:3      | HP: 2/32 [poisoned by a gnoll]
  2788 | D:3      | Succumbed to a gnoll's poison

Vanquished Creatures
  2 scorpions (D:4)
  A jelly (D:5)
  An orc priest (D:3)
  A gnoll bouda (D:3)
  An iguana (D:3)
  4 gnolls (D:3)
  6 adders
  A dart slug (D:3)
  2 orcs (D:3)
  6 ball pythons
  6 bats
  4 endoplasms
  4 giant cockroaches
  7 goblins (D:3)
  9 hobgoblins
  6 jackals (D:1)
  4 kobolds
  3 quokkas
  3 frilled lizards
  9 rats
80 creatures vanquished.

Table legend:
 A = Non-vault XP
 B = Vault XP
 C = Vault XP percentage of total XP
 D = Non-vault monster count
 E = Vault monster count
 F = Vault count percentage of total count
                 A         B        C        D         E       F
            +---------+---------+-------+---------+---------+-------
      Total |     559 |      21 |   3.6 |      69 |      11 |  13.8
            +---------+---------+-------+---------+---------+-------
        D:1 |      49 |       0 |   0.0 |      28 |       0 |   0.0
        D:2 |      12 |       4 |  25.0 |       9 |       2 |  18.2
        D:3 |     251 |      17 |   6.3 |      26 |       9 |  25.7
        D:4 |     189 |       0 |   0.0 |       4 |       0 |   0.0
        D:5 |      58 |       0 |   0.0 |       2 |       0 |   0.0
            +---------+---------+-------+---------+---------+-------

Skill      XL: |  1  2  3  4  5  6 |
---------------+-------------------+-----
Fighting       | 2 3 |  3.5
Short Blades   | 3 4 5 |  5.1
Stealth        | 1 2 3 4 |  4.2
Throwing       | |  1.7
Dodging        | |  2.4

Action                     |  1- 3 |  4- 6 || total
---------------------------+-------+-------++-------
  Melee: Rapier            |    58 |       ||    58
         Bite              |    13 |    18 ||    31
         Punch             |     1 |     1 ||     2
         Short sword       |    21 |    89 ||   110
  Throw: Stone             |       |     1 ||     1
    Use: Potion            |     1 |     2 ||     3
         Scroll            |       |     1 ||     1
   Stab: Sleeping          |     5 |     6 ||    11
 Armour: Leather armour    |    27 |    15 ||    42
  Dodge: Dodged            |    42 |    59 ||   101

Illustrated notes

Table legend:
 A = Kills in this place as a percentage of kills in the entire game.
 B = Kills by you in this place as a percentage of kills by you in the entire game.
 C = Kills by friends in this place as a percentage of kills by friends in the entire game.
 D = Other kills in this place as a percentage of other kills in the entire game.
 E = Experience gained in this place as a percentage of experience gained in the entire game.
 F = Experience gained in this place divided by the number of levels of this place that you have seen.
                   A       B       C       D       E      F
               +-------+-------+-------+-------+-------+----------------------
         Total | 100.0 | 100.0 |   N/A |   N/A | 100.0 |  82.9
       Dungeon | 100.0 | 100.0 |   N/A |   N/A | 100.0 |  96.7
               +-------+-------+-------+-------+-------+----------------------

Table legend: (Time is in decaauts)
 A = Elapsed time spent in this place.
 B = Non-inter-level travel time spent in this place.
 C = Inter-level travel time spent in this place.
 D = Time resting spent in this place.
 E = Time spent auto-exploring this place.
 F = Levels seen in this place.
 G = Mean time per level.
                   A        B        C        D        E       F      G
               +--------+--------+--------+--------+--------+-----+--------+
         Total |   2764 |   2646 |    118 |    172 |   1648 |   7 |  394.9 |
       Dungeon |   2527 |   2433 |     94 |    172 |   1455 |   6 |  421.2 |
        Temple |    236 |    212 |     24 |      0 |    193 |   1 |  236.0 |
               +--------+--------+--------+--------+--------+-----+--------+

Top non-repeatable levels by time:
     D:2: 769 daAuts
     D:3: 689 daAuts
     D:1: 606 daAuts
     D:5: 260 daAuts
  Temple: 236 daAuts
     D:4: 197 daAuts
     D:6: 4 daAuts
